Panthers vs Jets

Created - 27 février 2018 at 20:14

Goals
1 2 3 OT1 T
Panthers 0 0 1 1 2
Jets 0 1 0 0 1
Shots
1 2 3 OT1 T
Panthers 10 11 8 1 30
Jets 4 20 4 0 28

1st period

No Goal

Penalties :
Eric Fehr (WIN) for Hooking (Minor) at 9:18

2nd period

1. Jets , Marian Hossa 19 (Wayne Simmonds 34, Nathan MacKinnon 38) at 11:43

Penalties :
Matt Greene (FLA) for Roughing (Minor) at 14:23

3rd period

2. Panthers , Taylor Hall 26 (J.T. Miller 23, Andrew Ladd 15) at 7:22

Penalties :
Alex Galchenyuk (WIN) for Hooking (Minor) at 1:32, Troy Brouwer (WIN) for Holding (Minor) at 4:06

Overtime #1

3. Panthers , Mats Zuccarello 17 (Taylor Hall 26, Alec Martinez 16) at 0:14

Penalties :
No Penalty

Goalie Stats

Pekka Rinne (FLA), 27 saves from 28 shots - (0,964), W, 16-16-1, 60:14 minutes
Craig Anderson (WIN), 28 saves from 30 shots - (0,933), OTL, 24-14-5, 60:14 minutes

Players Stats for Panthers

Player Name              G  A  P  +/- PIM S  H  SB GA TA FO     MP     PP MP  PK MP  
------------------------------------------------------------------------------------
Adam McQuaid             0  0  0   0  0   0  0  1  0  1  0/0    19:33   2:24   1:21 
Alec Martinez            0  1  1   0  0   3  2  4  0  0  0/0    26:45   3:33   0:38 
Ales Hemsky              0  0  0   0  0   2  0  0  0  1  0/1    17:21   2:57   0:00 
Andrew Ladd              0  1  1   0  0   4  1  0  2  0  0/1    17:35   2:57   0:37 
Brian Campbell           0  0  0   1  0   0  0  1  0  1  0/0    13:56   0:00   0:00 
Corey Tropp              0  0  0  -1  0   0  1  0  0  0  0/0    10:30   0:00   0:31 
Devante Smith-Pelly      0  0  0   0  0   0  0  0  0  0  0/0     1:45   0:00   0:00 
J.T. Miller              0  1  1   0  0   3  1  0  2  0  1/4    16:08   3:00   0:00 
Jakub Kindl              0  0  0   1  0   0  1  0  0  0  0/0    14:34   0:00   0:38 
Jay Bouwmeester          0  0  0  -1  0   0  1  3  0  1  0/0    22:50   3:33   1:21 
Josh Jooris              0  0  0  -1  0   0  2  0  1  1  1/2    16:17   0:00   0:11 
Kyle Brodziak            0  0  0   0  0   3  0  0  0  0  12/18  14:28   0:00   1:05 
Martin Hanzal            0  0  0   1  0   0  2  0  0  1  17/24  16:37   0:00   1:07 
Mats Zuccarello          1  0  1   2  0   1  0  0  0  1  0/2    18:45   3:00   0:00 
Matt Greene              0  0  0   0  2   0  2  1  1  0  0/0    23:02   2:24   0:00 
Ryan White               0  0  0  -1  0   2  0  0  0  0  2/4    10:23   0:00   0:27 
Taylor Hall              1  1  2   2  0   8  1  2  4  0  0/1    22:06   3:00   0:00 
Tomas Plekanec           0  0  0   0  0   4  1  2  0  0  8/9    16:07   2:57   0:00 

Players Stats for Jets

Player Name              G  A  P  +/- PIM S  H  SB GA TA FO     MP     PP MP  PK MP  
------------------------------------------------------------------------------------
Alex Galchenyuk          0  0  0   0  2   1  1  1  0  2  8/18   16:58   1:29   1:11 
Brett Ritchie            0  0  0   0  0   0  1  1  0  0  0/0     9:14   0:00   0:00 
Colton Sissons           0  0  0   0  0   0  3  0  0  0  2/5    10:59   0:00   1:34 
Duncan Keith             0  0  0   0  0   4  2  1  0  1  0/0    21:06   0:34   0:00 
Eric Fehr                0  0  0   0  2   1  0  0  0  0  1/1    12:57   1:29   1:58 
Frederick Gaudreau       0  0  0   0  0   0  0  0  0  0  0/0     9:03   0:00   0:00 
Jacob Josefson           0  0  0   0  0   0  1  1  2  0  0/1    12:00   0:00   2:58 
Jay McClement            0  0  0   0  0   0  1  0  0  1  1/3    10:17   0:00   1:34 
Jimmy Vesey              0  0  0   0  0   4  1  0  0  0  1/3    16:10   0:00   1:56 
Josh Gorges              0  0  0  -1  0   0  1  2  0  1  0/0    19:42   1:25   2:22 
Josh Manson              0  0  0  -1  0   0  0  1  0  1  0/0    23:18   1:25   2:22 
Joshua Morrissey         0  0  0  -1  0   0  0  0  0  1  0/0    21:20   0:34   0:00 
Marian Hossa             1  0  1   0  0   1  3  1  0  0  0/2    19:54   0:30   0:00 
Mark Pysyk               0  0  0   1  0   0  0  1  0  0  0/0    15:36   0:00   3:35 
Nathan MacKinnon         0  1  1  -1  0   3  1  0  1  0  12/28  20:37   0:30   0:27 
Travis Hamonic           0  0  0   1  0   0  3  2  1  3  0/0    19:12   0:00   3:35 
Troy Brouwer             0  0  0   0  2   1  3  0  0  0  0/2    15:53   1:29   0:00 
Wayne Simmonds           0  1  1  -1  0   13 6  0  3  0  0/3    20:26   0:30   0:16 

3 Stars

1 - Taylor Hall (FLA)
2 - Pekka Rinne (FLA)
3 - Mats Zuccarello (FLA)

Power Play

Panthers - 0 on 3 Attempt(s) - 0,00%
Jets - 0 on 1 Attempt(s) - 0,00%

Penalty Kill

Panthers - 1 on 1 Attempt(s) - 100,00% - Score 0 goal in Penalty Kill
Jets - 3 on 3 Attempt(s) - 100,00% - Score 0 goal in Penalty Kill

Team Stat

Panthers - Hits : 15 - Faceoff Wins : 41 - Blocked Shots : 14 - Penalty Minutes : 2
Jets - Hits : 27 - Faceoff Wins : 25 - Blocked Shots : 11 - Penalty Minutes : 6

Official

Referees : Gord Dwyer and Chris Lee
Linesman : Ryan Gibbons and Kiel Murchison

Game Notes

Devante Smith-Pelly is injured at 12:03 of 1st period (Bruised Right Arm)

Finance

Level 1 -- Attendance: 6000 (100,00%) -- Ticket Income 540 000 $
Level 2 -- Attendance: 5000 (100,00%) -- Ticket Income 275 000 $
Level 3 -- Attendance: 1473 (73,65%) -- Ticket Income 58 920 $
Level 4 -- Attendance: 3901 (97,53%) -- Ticket Income 85 822 $
Luxury Box -- Attendance: 786 (78,60%) -- Ticket Income 157 200 $
Game was played at the No Name Arena.
Total Attendance: 17160 (95,33%)
Total Ticket Income: 1 116 942 $
Other Income: 547 302 $
Total Income: 1 664 244 $

Panthers

5 vs 5 Forward 
   Center                   Left Wing                Right Wing               Time % Phy DF OF 
 1 Martin Hanzal            Taylor Hall              Mats Zuccarello          35     0   3  2  
 2 Tomas Plekanec           Andrew Ladd              J.T. Miller              28     0   4  1  
 3 Kyle Brodziak            Josh Jooris              Ales Hemsky              27     0   5  0  
 4 Ryan White               Corey Tropp              Devante Smith-Pelly      10     0   5  0  

5 vs 5 Defense 
   Defense                  Defense                                           Time % Phy DF OF 
 1 Alec Martinez            Jay Bouwmeester                                   35     0   5  0  
 2 Matt Greene              Adam McQuaid                                      30     0   5  0  
 3 Brian Campbell           Jakub Kindl                                       20     0   5  0  
 4 Alec Martinez            Matt Greene                                       15     1   4  0  

PowerPlay Forward 
   Center                   Left Wing                Right Wing               Time % Phy DF OF 
 1 J.T. Miller              Taylor Hall              Mats Zuccarello          60     0   0  5  
 2 Tomas Plekanec           Andrew Ladd              Ales Hemsky              40     0   0  5  

PowerPlay Defense
   Defense                  Defense                                           Time % Phy DF OF 
 1 Alec Martinez            Jay Bouwmeester                                   60     0   2  3  
 2 Matt Greene              Adam McQuaid                                      40     0   3  2  

Penalty Kill 4 Players Forward 
   Center                   Wing                     Time % Phy DF OF 
 1 Kyle Brodziak            Martin Hanzal            60     0   5  0  
 2 Josh Jooris              Corey Tropp              40     0   5  0  

Penalty Kill 4 Players Defense
   Defense                  Defense                  Time % Phy DF OF 
 1 Adam McQuaid             Jay Bouwmeester          60     0   5  0  
 2 Jakub Kindl              Alec Martinez            40     0   5  0  

Penalty Kill - 3 Players Forward 
   Forward                                           Time % Phy DF OF 
 1 Tomas Plekanec                                    60     0   5  0  
 2 Martin Hanzal                                     40     0   5  0  

Penalty Kill - 3 Players Defense
   Defense                  Defense                  Time % Phy DF OF 
 1 Matt Greene              Alec Martinez            60     0   5  0  
 2 Jakub Kindl              Adam McQuaid             40     0   5  0  

4 vs 4 Forward 
   Center                   Wing                     Time % Phy DF OF 
 1 Martin Hanzal            Mats Zuccarello          60     0   2  3  
 2 Tomas Plekanec           Taylor Hall              40     0   3  2  

4 vs 4 Defense
   Defense                  Defense                  Time % Phy DF OF 
 1 Jay Bouwmeester          Adam McQuaid             60     0   5  0  
 2 Jakub Kindl              Alec Martinez            40     0   5  0  

Last Minutes Offensive
   Center                   Left Wing                Right Wing               Defense                  Defense                  
   Tomas Plekanec           Mats Zuccarello          J.T. Miller              Jakub Kindl              Alec Martinez            

Last Minutes Defensive
   Center                   Left Wing                Right Wing               Defense                  Defense                  
   Kyle Brodziak            Mats Zuccarello          J.T. Miller              Jay Bouwmeester          Adam McQuaid             

Goaltenders
Starting : Pekka Rinne              
Backup : Carter Hutton            

Extra Forwards
Normal : Taylor Hall, Josh Jooris, Corey Tropp - PP : Taylor Hall, Josh Jooris - PK : Corey Tropp
Extra Defensemen
Normal : Jakub Kindl, Matt Greene, Brian Campbell - PP : Jakub Kindl - PK : Matt Greene, Brian Campbell
Penalty Shots
Taylor Hall, Mats Zuccarello, J.T. Miller, Tomas Plekanec, Andrew Ladd
Custom OT Lines Forwards
Taylor Hall, Mats Zuccarello, Tomas Plekanec, J.T. Miller, Andrew Ladd, Martin Hanzal, Devante Smith-Pelly, Josh Jooris, Corey Tropp, Ryan White
Custom OT Lines Defensemen
Alec Martinez, Jakub Kindl, Brian Campbell, Adam McQuaid, Jay Bouwmeester

Scratches
Jannik Hansen (Healthy), Matt Moulson (Healthy), Nathan Beaulieu (Sprained Left Ankle Injury)

Jets

5 vs 5 Forward 
   Center                   Left Wing                Right Wing               Time % Phy DF OF 
 1 Nathan MacKinnon         Wayne Simmonds           Marian Hossa             40     1   2  2  
 2 Alex Galchenyuk          Jimmy Vesey              Troy Brouwer             30     1   2  2  
 3 Colton Sissons           Eric Fehr                Brett Ritchie            20     1   2  2  
 4 Jay McClement            Jacob Josefson           Frederick Gaudreau       10     1   2  2  

5 vs 5 Defense 
   Defense                  Defense                                           Time % Phy DF OF 
 1 Duncan Keith             Joshua Morrissey                                  40     1   2  2  
 2 Josh Manson              Josh Gorges                                       30     1   2  2  
 3 Mark Pysyk               Travis Hamonic                                    20     1   2  2  
 4 Josh Manson              Travis Hamonic                                    10     1   2  2  

PowerPlay Forward 
   Center                   Left Wing                Right Wing               Time % Phy DF OF 
 1 Nathan MacKinnon         Wayne Simmonds           Marian Hossa             60     1   2  2  
 2 Alex Galchenyuk          Eric Fehr                Troy Brouwer             40     1   2  2  

PowerPlay Defense
   Defense                  Defense                                           Time % Phy DF OF 
 1 Joshua Morrissey         Duncan Keith                                      60     1   2  2  
 2 Josh Manson              Josh Gorges                                       40     1   2  2  

Penalty Kill 4 Players Forward 
   Center                   Wing                     Time % Phy DF OF 
 1 Eric Fehr                Jacob Josefson           60     1   2  2  
 2 Jay McClement            Colton Sissons           40     1   2  2  

Penalty Kill 4 Players Defense
   Defense                  Defense                  Time % Phy DF OF 
 1 Travis Hamonic           Mark Pysyk               60     1   2  2  
 2 Josh Manson              Josh Gorges              40     1   2  2  

Penalty Kill - 3 Players Forward 
   Forward                                           Time % Phy DF OF 
 1 Colton Sissons                                    60     1   2  2  
 2 Jacob Josefson                                    40     1   2  2  

Penalty Kill - 3 Players Defense
   Defense                  Defense                  Time % Phy DF OF 
 1 Joshua Morrissey         Travis Hamonic           60     1   2  2  
 2 Josh Manson              Josh Gorges              40     1   2  2  

4 vs 4 Forward 
   Center                   Wing                     Time % Phy DF OF 
 1 Frederick Gaudreau       Wayne Simmonds           60     1   2  2  
 2 Marian Hossa             Alex Galchenyuk          40     1   2  2  

4 vs 4 Defense
   Defense                  Defense                  Time % Phy DF OF 
 1 Mark Pysyk               Joshua Morrissey         60     1   2  2  
 2 Josh Manson              Josh Gorges              40     1   2  2  

Last Minutes Offensive
   Center                   Left Wing                Right Wing               Defense                  Defense                  
   Alex Galchenyuk          Wayne Simmonds           Marian Hossa             Duncan Keith             Joshua Morrissey         

Last Minutes Defensive
   Center                   Left Wing                Right Wing               Defense                  Defense                  
   Jay McClement            Eric Fehr                Marian Hossa             Josh Manson              Josh Gorges              

Goaltenders
Starting : Craig Anderson           
Backup : Anton Forsberg           

Extra Forwards
Normal : Frederick Gaudreau, Brett Ritchie, Jimmy Vesey - PP : Frederick Gaudreau, Brett Ritchie - PK : Jimmy Vesey
Extra Defensemen
Normal : Mark Pysyk, Joshua Morrissey, Travis Hamonic - PP : Mark Pysyk - PK : Joshua Morrissey, Duncan Keith
Penalty Shots
Jacob Josefson, Wayne Simmonds, Marian Hossa, Alex Galchenyuk, Troy Brouwer
Custom OT Lines Forwards
Nathan MacKinnon, Wayne Simmonds, Marian Hossa, Alex Galchenyuk, Troy Brouwer, Eric Fehr, Brett Ritchie, Jimmy Vesey, Jacob Josefson, Jay McClement
Custom OT Lines Defensemen
Joshua Morrissey, Duncan Keith, Josh Manson, Josh Gorges, Mark Pysyk

Scratches
Nate Prosser (Healthy), Nathan Paetsch (Healthy), Ondrej Pavelec (Healthy)

% Time on Ice - Panthers

Lines # - Real PCT - Wanted PCT - Time Play
Normal Forward
1 - 31% - 35% - 16:21
2 - 25% - 28% - 13:10
3 - 25% - 27% - 13:04
4 - 18% - 10% - 9:29
Normal Defense
1 - 34% - 35% - 17:56
2 - 31% - 30% - 16:05
3 - 25% - 20% - 13:12
4 - 9% - 15% - 4:51
PP Forward
1 - 50% - 60% - 3:00
2 - 50% - 40% - 2:57
PP Defense
1 - 60% - 60% - 3:33
2 - 40% - 40% - 2:24
PK Forward
1 - 91% - 60% - 1:48
2 - 9% - 40% - 0:11
PK Defense
1 - 68% - 60% - 1:21
2 - 32% - 40% - 0:38
PK3 Forward
1 - 0% - 60%
2 - 0% - 40%
PK3 Defense
1 - 0% - 60%
2 - 0% - 40%
44 Forward
1 - 0% - 60%
2 - 0% - 40%
44 Defense
1 - 0% - 60%
2 - 0% - 40%
Last Minute Offensive  - 0:00
Last Minute Defensive  - 0:00
Total
Forward - 60:00
Defense - 60:00

% Time on Ice - Jets

Lines # - Real PCT - Wanted PCT - Time Play
Normal Forward
1 - 39% - 40% - 20:25
2 - 27% - 30% - 14:06
3 - 17% - 20% - 8:58
4 - 16% - 10% - 8:35
Normal Defense
1 - 42% - 40% - 21:50
2 - 32% - 30% - 16:45
3 - 19% - 20% - 9:38
4 - 7% - 10% - 3:51
PP Forward
1 - 25% - 60% - 0:30
2 - 75% - 40% - 1:29
PP Defense
1 - 29% - 60% - 0:34
2 - 71% - 40% - 1:25
PK Forward
1 - 74% - 60% - 4:23
2 - 26% - 40% - 1:34
PK Defense
1 - 60% - 60% - 3:35
2 - 40% - 40% - 2:22
PK3 Forward
1 - 0% - 60%
2 - 0% - 40%
PK3 Defense
1 - 0% - 60%
2 - 0% - 40%
44 Forward
1 - 0% - 60%
2 - 0% - 40%
44 Defense
1 - 0% - 60%
2 - 0% - 40%
Last Minute Offensive  - 0:00
Last Minute Defensive  - 0:00
Total
Forward - 60:00
Defense - 60:00

Play by Play

1st period


0:01 of 1st period - Martin Hanzal wins face-off versus Nathan MacKinnon in neutral zone.
0:41 of 1st period - Snap shot by Alex Galchenyuk.
0:41 of 1st period - Shot Blocked by Tomas Plekanec.
0:43 of 1st period - Wrist shot by Troy Brouwer.
0:43 of 1st period - Deflect By Jimmy Vesey.
0:43 of 1st period - Shot Misses the Net.
0:43 of 1st period - Puck is out of play.
0:44 of 1st period - Kyle Brodziak wins face-off versus Colton Sissons in Panthers zone.
3:25 of 1st period - Snap shot by Taylor Hall.
3:25 of 1st period - Stopped by Craig Anderson without a rebound.
3:26 of 1st period - Kyle Brodziak wins face-off versus Nathan MacKinnon in Jets zone.
4:01 of 1st period - Wrist shot by Andrew Ladd.
4:01 of 1st period - Stopped by Craig Anderson without a rebound.
4:02 of 1st period - Tomas Plekanec wins face-off versus Colton Sissons in Jets zone.
4:18 of 1st period - Snap shot by Colton Sissons.
4:18 of 1st period - Shot Misses the Net.
4:32 of 1st period - Slapshot by Alec Martinez.
4:32 of 1st period - Shot Misses the Net.
4:34 of 1st period - Slapshot by Alec Martinez.
4:34 of 1st period - Stopped by Craig Anderson without a rebound.
4:35 of 1st period - Kyle Brodziak wins face-off versus Jimmy Vesey in Jets zone.
4:36 of 1st period - Wrist shot by Ales Hemsky.
4:36 of 1st period - Shot Misses the Net.
4:38 of 1st period - Wrist shot by Kyle Brodziak.
4:38 of 1st period - Shot Blocked by Alex Galchenyuk.
4:46 of 1st period - Wrist shot by Ales Hemsky.
4:46 of 1st period - Shot Blocked by Josh Gorges.
4:48 of 1st period - Wrist shot by Kyle Brodziak.
4:48 of 1st period - Shot Blocked by Josh Manson.
5:10 of 1st period - Wrist shot by Wayne Simmonds.
5:10 of 1st period - Stopped by Pekka Rinne with a rebound.
5:53 of 1st period - Wrist shot by Kyle Brodziak.
5:53 of 1st period - Stopped by Craig Anderson without a rebound.
5:54 of 1st period - Tomas Plekanec wins face-off versus Nathan MacKinnon in Jets zone.
6:01 of 1st period - Wrist shot by Andrew Ladd.
6:01 of 1st period - Shot Blocked by Marian Hossa.
6:07 of 1st period - Wrist shot by Wayne Simmonds.
6:07 of 1st period - Shot Misses the Net.
6:09 of 1st period - Slapshot by Josh Manson.
6:09 of 1st period - Deflect By Wayne Simmonds.
6:09 of 1st period - Stopped by Pekka Rinne without a rebound.
6:10 of 1st period - Alex Galchenyuk wins face-off versus Josh Jooris in Panthers zone.
6:49 of 1st period - Tomas Plekanec is hit by Troy Brouwer.
7:20 of 1st period - Off-side.
7:21 of 1st period - Colton Sissons wins face-off versus Ryan White in neutral zone.
7:43 of 1st period - Icing by Matt Greene.
7:44 of 1st period - Kyle Brodziak wins face-off versus Marian Hossa in Panthers zone.
7:56 of 1st period - Snap shot by Ales Hemsky.
7:56 of 1st period - Stopped by Craig Anderson without a rebound.
7:57 of 1st period - Martin Hanzal wins face-off versus Nathan MacKinnon in Jets zone.
8:12 of 1st period - Wrist shot by Nathan MacKinnon.
8:12 of 1st period - Deflect By Mats Zuccarello.
8:12 of 1st period - Shot Misses the Net.
8:12 of 1st period - Puck is out of play.
8:13 of 1st period - Kyle Brodziak wins face-off versus Alex Galchenyuk in Panthers zone.
8:17 of 1st period - Off-side.
8:18 of 1st period - Josh Jooris wins face-off versus Troy Brouwer in neutral zone.
8:32 of 1st period - Slapshot by Ales Hemsky.
8:32 of 1st period - Deflect By Kyle Brodziak.
8:32 of 1st period - Stopped by Craig Anderson without a rebound.
8:33 of 1st period - Tomas Plekanec wins face-off versus Nathan MacKinnon in Jets zone.
8:36 of 1st period - Wrist shot by Tomas Plekanec.
8:36 of 1st period - Stopped by Craig Anderson without a rebound.
8:37 of 1st period - Nathan MacKinnon wins face-off versus J.T. Miller in Jets zone.
8:50 of 1st period - Snap shot by Andrew Ladd.
8:50 of 1st period - Deflect By J.T. Miller.
8:50 of 1st period - Stopped by Craig Anderson without a rebound.
8:51 of 1st period - Colton Sissons wins face-off versus Martin Hanzal in Jets zone.
8:56 of 1st period - Slapshot by Duncan Keith.
8:56 of 1st period - Shot Blocked by Alec Martinez.
8:58 of 1st period - Snap shot by Eric Fehr.
8:58 of 1st period - Stopped by Pekka Rinne without a rebound.
8:59 of 1st period - Martin Hanzal wins face-off versus Colton Sissons in Panthers zone.
8:59 of 1st period - Martin Hanzal is hit by Duncan Keith.
9:18 of 1st period - Minor Penalty to Eric Fehr for Hooking.
9:19 of 1st period - Jimmy Vesey wins face-off versus J.T. Miller in Jets zone.
11:03 of 1st period - Matt Greene is hit by Colton Sissons and loses puck.
11:18 of 1st period - Penalty to Eric Fehr is over, Eric Fehr is back on ice.
11:30 of 1st period - Marian Hossa is hit by Corey Tropp.
12:02 of 1st period - Devante Smith-Pelly is hit by Jimmy Vesey and loses puck.
12:03 of 1st period - Devante Smith-Pelly from Panthers is injured at 12:03 of 1st period (Bruised Right Arm).
12:04 of 1st period - Martin Hanzal wins face-off versus Nathan MacKinnon in Panthers zone.
12:09 of 1st period - Snap shot by Nathan MacKinnon.
12:09 of 1st period - Stopped by Pekka Rinne without a rebound.
12:10 of 1st period - Nathan MacKinnon wins face-off versus Martin Hanzal in Panthers zone.
12:15 of 1st period - Jay Bouwmeester is hit by Wayne Simmonds and loses puck.
13:00 of 1st period - Jay McClement is hit by Andrew Ladd and loses puck.
13:11 of 1st period - Wrist shot by Tomas Plekanec.
13:11 of 1st period - Shot Blocked by Mark Pysyk.
13:13 of 1st period - Slapshot by Alec Martinez.
13:13 of 1st period - Shot Misses the Net.
13:15 of 1st period - Snap shot by Andrew Ladd.
13:15 of 1st period - Stopped by Craig Anderson without a rebound.
13:16 of 1st period - Kyle Brodziak wins face-off versus Nathan MacKinnon in Jets zone.
14:19 of 1st period - Off-side.
14:20 of 1st period - Ryan White wins face-off versus Nathan MacKinnon in neutral zone.
14:31 of 1st period - Snap shot by Taylor Hall.
14:31 of 1st period - Stopped by Craig Anderson with a rebound.
14:33 of 1st period - Snap shot by Taylor Hall.
14:33 of 1st period - Shot Misses the Net.
15:35 of 1st period - Snap shot by Mats Zuccarello.
15:35 of 1st period - Shot Blocked by Jacob Josefson.
15:37 of 1st period - Slapshot by Matt Greene.
15:37 of 1st period - Deflect By Taylor Hall.
15:37 of 1st period - Shot Misses the Net.
15:37 of 1st period - Puck is out of play.
15:38 of 1st period - Alex Galchenyuk wins face-off versus Kyle Brodziak in Jets zone.
15:38 of 1st period - Alex Galchenyuk is hit by Jay Bouwmeester.
15:54 of 1st period - Slapshot by Alex Galchenyuk.
15:54 of 1st period - Shot Blocked by Jay Bouwmeester.
16:13 of 1st period - Josh Jooris is hit by Wayne Simmonds and loses puck.
16:28 of 1st period - Brett Ritchie is hit by Martin Hanzal and loses puck.
18:09 of 1st period - Snap shot by Jay McClement.
18:09 of 1st period - Shot Misses the Net.
18:45 of 1st period - Wayne Simmonds is hit by Jakub Kindl and loses puck.
18:52 of 1st period - Slapshot by Travis Hamonic.
18:52 of 1st period - Shot Blocked by Brian Campbell.
18:58 of 1st period - Tomas Plekanec is hit by Travis Hamonic and loses puck.
19:13 of 1st period - Mats Zuccarello is hit by Colton Sissons and loses puck.
19:46 of 1st period - J.T. Miller is hit by Travis Hamonic.
Goals for this period are 0 for Panthers vs 0 for Jets.
Shots for this period are 10 for Panthers vs 4 for Jets.

2nd period


0:01 of 2nd period - Nathan MacKinnon wins face-off versus Martin Hanzal in neutral zone.
0:13 of 2nd period - Off-side.
0:14 of 2nd period - Martin Hanzal wins face-off versus Nathan MacKinnon in neutral zone.
0:29 of 2nd period - Wrist shot by Wayne Simmonds.
0:29 of 2nd period - Stopped by Pekka Rinne without a rebound.
0:30 of 2nd period - Kyle Brodziak wins face-off versus Alex Galchenyuk in Panthers zone.
0:37 of 2nd period - Ales Hemsky is hit by Troy Brouwer.
0:43 of 2nd period - Snap shot by Jimmy Vesey.
0:43 of 2nd period - Stopped by Pekka Rinne without a rebound.
0:44 of 2nd period - Martin Hanzal wins face-off versus Wayne Simmonds in Panthers zone.
0:48 of 2nd period - Off-side.
0:49 of 2nd period - Martin Hanzal wins face-off versus Wayne Simmonds in neutral zone.
0:51 of 2nd period - Off-side.
0:52 of 2nd period - Martin Hanzal wins face-off versus Nathan MacKinnon in neutral zone.
0:55 of 2nd period - Wrist shot by Mats Zuccarello.
0:55 of 2nd period - Deflect By Taylor Hall.
0:55 of 2nd period - Stopped by Craig Anderson without a rebound.
0:56 of 2nd period - Martin Hanzal wins face-off versus Wayne Simmonds in Jets zone.
1:09 of 2nd period - Alec Martinez is hit by Wayne Simmonds and loses puck.
1:28 of 2nd period - Snap shot by Nathan MacKinnon.
1:28 of 2nd period - Stopped by Pekka Rinne without a rebound.
1:29 of 2nd period - Alex Galchenyuk wins face-off versus Kyle Brodziak in Panthers zone.
1:54 of 2nd period - Brett Ritchie is hit by Tomas Plekanec and loses puck.
1:59 of 2nd period - Snap shot by J.T. Miller.
1:59 of 2nd period - Shot Blocked by Brett Ritchie.
2:17 of 2nd period - Slapshot by Josh Manson.
2:17 of 2nd period - Deflect By Jacob Josefson.
2:17 of 2nd period - Shot Misses the Net.
2:17 of 2nd period - Puck is out of play.
2:18 of 2nd period - Jay McClement wins face-off versus Martin Hanzal in Panthers zone.
3:03 of 2nd period - Wrist shot by Jacob Josefson.
3:03 of 2nd period - Shot Misses the Net.
3:05 of 2nd period - Slapshot by Duncan Keith.
3:05 of 2nd period - Shot Misses the Net.
3:07 of 2nd period - Wrist shot by Jay McClement.
3:07 of 2nd period - Shot Misses the Net.
3:15 of 2nd period - Slapshot by Duncan Keith.
3:15 of 2nd period - Stopped by Pekka Rinne with a rebound.
3:17 of 2nd period - Slapshot by Duncan Keith.
3:17 of 2nd period - Stopped by Pekka Rinne without a rebound.
3:18 of 2nd period - Nathan MacKinnon wins face-off versus Andrew Ladd in Panthers zone.
3:19 of 2nd period - Snap shot by Wayne Simmonds.
3:19 of 2nd period - Shot Misses the Net.
3:21 of 2nd period - Slapshot by Josh Manson.
3:21 of 2nd period - Shot Blocked by Adam McQuaid.
3:23 of 2nd period - Snap shot by Wayne Simmonds.
3:23 of 2nd period - Stopped by Pekka Rinne without a rebound.
3:24 of 2nd period - Nathan MacKinnon wins face-off versus Tomas Plekanec in Panthers zone.
3:31 of 2nd period - Backhand shot by Wayne Simmonds.
3:31 of 2nd period - Stopped by Pekka Rinne with a rebound.
3:35 of 2nd period - Snap shot by Nathan MacKinnon.
3:35 of 2nd period - Shot Blocked by Tomas Plekanec.
3:37 of 2nd period - Wrist shot by Wayne Simmonds.
3:37 of 2nd period - Stopped by Pekka Rinne without a rebound.
3:38 of 2nd period - Alex Galchenyuk wins face-off versus Kyle Brodziak in Panthers zone.
4:00 of 2nd period - Icing by Josh Gorges.
4:01 of 2nd period - Tomas Plekanec wins face-off versus Marian Hossa in Jets zone.
4:04 of 2nd period - Slapshot by Tomas Plekanec.
4:04 of 2nd period - Stopped by Craig Anderson with a rebound.
4:06 of 2nd period - Wrist shot by Tomas Plekanec.
4:06 of 2nd period - Stopped by Craig Anderson without a rebound.
4:07 of 2nd period - Tomas Plekanec wins face-off versus Nathan MacKinnon in Jets zone.
4:34 of 2nd period - Wrist shot by Andrew Ladd.
4:34 of 2nd period - Stopped by Craig Anderson without a rebound.
4:35 of 2nd period - Alex Galchenyuk wins face-off versus Kyle Brodziak in Jets zone.
4:46 of 2nd period - Snap shot by Ales Hemsky.
4:46 of 2nd period - Deflect By Kyle Brodziak.
4:46 of 2nd period - Shot Blocked by Duncan Keith.
4:46 of 2nd period - Puck is out of play.
4:47 of 2nd period - Alex Galchenyuk wins face-off versus Kyle Brodziak in Jets zone.
5:00 of 2nd period - Snap shot by Jimmy Vesey.
5:00 of 2nd period - Stopped by Pekka Rinne with a rebound.
5:12 of 2nd period - Mats Zuccarello is hit by Nathan MacKinnon and loses puck.
5:17 of 2nd period - Wrist shot by Nathan MacKinnon.
5:17 of 2nd period - Shot Misses the Net.
6:46 of 2nd period - J.T. Miller is hit by Wayne Simmonds and loses puck.
7:21 of 2nd period - Adam McQuaid is hit by Colton Sissons.
7:56 of 2nd period - Wrist shot by J.T. Miller.
7:56 of 2nd period - Stopped by Craig Anderson with a rebound.
8:34 of 2nd period - Wrist shot by Jimmy Vesey.
8:34 of 2nd period - Stopped by Pekka Rinne without a rebound.
8:35 of 2nd period - Tomas Plekanec wins face-off versus Jimmy Vesey in Panthers zone.
8:40 of 2nd period - Snap shot by Jimmy Vesey.
8:40 of 2nd period - Stopped by Pekka Rinne without a rebound.
8:41 of 2nd period - Martin Hanzal wins face-off versus Troy Brouwer in Panthers zone.
9:30 of 2nd period - Travis Hamonic is hit by Matt Greene and loses puck.
9:37 of 2nd period - Wrist shot by Andrew Ladd.
9:37 of 2nd period - Stopped by Craig Anderson with a rebound.
9:39 of 2nd period - Wrist shot by Tomas Plekanec.
9:39 of 2nd period - Stopped by Craig Anderson with a rebound.
9:41 of 2nd period - Wrist shot by Tomas Plekanec.
9:41 of 2nd period - Shot Blocked by Travis Hamonic.
9:43 of 2nd period - Slapshot by Adam McQuaid.
9:43 of 2nd period - Shot Misses the Net.
10:38 of 2nd period - Andrew Ladd is hit by Alex Galchenyuk.
11:04 of 2nd period - Slapshot by Ryan White.
11:04 of 2nd period - Stopped by Craig Anderson without a rebound.
11:05 of 2nd period - Nathan MacKinnon wins face-off versus Ryan White in Jets zone.
11:16 of 2nd period - Snap shot by Nathan MacKinnon.
11:16 of 2nd period - Shot Misses the Net.
11:18 of 2nd period - Slapshot by Wayne Simmonds.
11:18 of 2nd period - Stopped by Pekka Rinne with a rebound.
11:35 of 2nd period - Snap shot by Wayne Simmonds.
11:35 of 2nd period - Stopped by Pekka Rinne with a rebound.
11:37 of 2nd period - Wrist shot by Marian Hossa.
11:37 of 2nd period - Shot Misses the Net.
11:39 of 2nd period - Snap shot by Marian Hossa.
11:39 of 2nd period - Shot Misses the Net.
11:41 of 2nd period - Snap shot by Marian Hossa.
11:41 of 2nd period - Shot Misses the Net.
11:43 of 2nd period - Wrist shot by Marian Hossa.
11:43 of 2nd period - Goal by Marian Hossa - Panthers : 0 - Jets : 1.
11:44 of 2nd period - Martin Hanzal wins face-off versus Alex Galchenyuk in neutral zone.
12:09 of 2nd period - Travis Hamonic is hit by Matt Greene and loses puck.
12:55 of 2nd period - Slapshot by Duncan Keith.
12:55 of 2nd period - Stopped by Pekka Rinne with a rebound.
12:57 of 2nd period - Slapshot by Duncan Keith.
12:57 of 2nd period - Shot Blocked by Jay Bouwmeester.
13:05 of 2nd period - Snap shot by Duncan Keith.
13:05 of 2nd period - Shot Blocked by Alec Martinez.
13:45 of 2nd period - Backhand shot by Jimmy Vesey.
13:45 of 2nd period - Deflect By J.T. Miller.
13:45 of 2nd period - Shot Misses the Net.
13:45 of 2nd period - Puck is out of play.
13:46 of 2nd period - Nathan MacKinnon wins face-off versus Taylor Hall in Panthers zone.
13:55 of 2nd period - Wrist shot by Nathan MacKinnon.
13:55 of 2nd period - Stopped by Pekka Rinne with a rebound.
13:57 of 2nd period - Snap shot by Nathan MacKinnon.
13:57 of 2nd period - Shot Misses the Net.
13:59 of 2nd period - Snap shot by Wayne Simmonds.
13:59 of 2nd period - Stopped by Pekka Rinne without a rebound.
14:00 of 2nd period - Nathan MacKinnon wins face-off versus Martin Hanzal in Panthers zone.
14:01 of 2nd period - Wrist shot by Wayne Simmonds.
14:01 of 2nd period - Stopped by Pekka Rinne with a rebound.
14:03 of 2nd period - Slapshot by Travis Hamonic.
14:03 of 2nd period - Shot Blocked by Taylor Hall.
14:11 of 2nd period - Slapshot by Nathan MacKinnon.
14:11 of 2nd period - Shot Blocked by Alec Martinez.
14:15 of 2nd period - Wrist shot by Wayne Simmonds.
14:15 of 2nd period - Stopped by Pekka Rinne with a rebound.
14:17 of 2nd period - Wrist shot by Travis Hamonic.
14:17 of 2nd period - Shot Misses the Net.
14:23 of 2nd period - Minor Penalty to Matt Greene for Roughing.
14:24 of 2nd period - Kyle Brodziak wins face-off versus Nathan MacKinnon in Panthers zone.
14:35 of 2nd period - Adam McQuaid is hit by Marian Hossa and loses puck.
14:54 of 2nd period - Slapshot by Troy Brouwer.
14:54 of 2nd period - Stopped by Pekka Rinne without a rebound.
14:55 of 2nd period - Kyle Brodziak wins face-off versus Alex Galchenyuk in Panthers zone.
15:58 of 2nd period - Slapshot by Josh Manson.
15:58 of 2nd period - Shot Blocked by Jay Bouwmeester.
16:22 of 2nd period - Ryan White is hit by Duncan Keith.
16:23 of 2nd period - Penalty to Matt Greene is over, Matt Greene is back on ice.
16:49 of 2nd period - Wrist shot by Ryan White.
16:49 of 2nd period - Stopped by Craig Anderson without a rebound.
16:50 of 2nd period - Martin Hanzal wins face-off versus Jay McClement in Jets zone.
16:57 of 2nd period - Wrist shot by Mats Zuccarello.
16:57 of 2nd period - Deflect By Taylor Hall.
16:57 of 2nd period - Deflect By Travis Hamonic.
16:57 of 2nd period - Stopped by Craig Anderson without a rebound.
16:58 of 2nd period - Martin Hanzal wins face-off versus Jay McClement in Jets zone.
17:11 of 2nd period - Slapshot by Taylor Hall.
17:11 of 2nd period - Shot Misses the Net.
18:02 of 2nd period - Wrist shot by J.T. Miller.
18:02 of 2nd period - Stopped by Craig Anderson with a rebound.
18:14 of 2nd period - Josh Gorges is hit by Josh Jooris and loses puck.
18:53 of 2nd period - Backhand shot by Wayne Simmonds.
18:53 of 2nd period - Shot Misses the Net.
19:54 of 2nd period - Icing by Duncan Keith.
19:55 of 2nd period - Tomas Plekanec wins face-off versus Nathan MacKinnon in Jets zone.
Goals for this period are 0 for Panthers vs 1 for Jets.
Shots for this period are 11 for Panthers vs 20 for Jets.

3rd period


0:01 of 3rd period - Nathan MacKinnon wins face-off versus Martin Hanzal in neutral zone.
0:14 of 3rd period - Backhand shot by Wayne Simmonds.
0:14 of 3rd period - Stopped by Pekka Rinne without a rebound.
0:15 of 3rd period - Kyle Brodziak wins face-off versus Alex Galchenyuk in Panthers zone.
0:47 of 3rd period - Snap shot by Nathan MacKinnon.
0:47 of 3rd period - Shot Blocked by Taylor Hall.
1:07 of 3rd period - Tomas Plekanec is hit by Josh Gorges and loses puck.
1:11 of 3rd period - Icing by Tomas Plekanec.
1:12 of 3rd period - Tomas Plekanec wins face-off versus Alex Galchenyuk in Panthers zone.
1:12 of 3rd period - Tomas Plekanec is hit by Troy Brouwer.
1:32 of 3rd period - Minor Penalty to Alex Galchenyuk for Hooking.
1:33 of 3rd period - J.T. Miller wins face-off versus Jacob Josefson in Jets zone.
1:47 of 3rd period - Slapshot by Taylor Hall.
1:47 of 3rd period - Shot Misses the Net.
3:32 of 3rd period - Penalty to Alex Galchenyuk is over, Alex Galchenyuk is back on ice.
3:43 of 3rd period - Wrist shot by Duncan Keith.
3:43 of 3rd period - Shot Blocked by Matt Greene.
4:06 of 3rd period - Minor Penalty to Troy Brouwer for Holding.
4:07 of 3rd period - Eric Fehr wins face-off versus J.T. Miller in Jets zone.
4:54 of 3rd period - Jacob Josefson is hit by J.T. Miller and loses puck.
6:03 of 3rd period - Travis Hamonic is hit by Taylor Hall and loses puck.
6:06 of 3rd period - Penalty to Troy Brouwer is over, Troy Brouwer is back on ice.
6:37 of 3rd period - Icing by Wayne Simmonds.
6:38 of 3rd period - Nathan MacKinnon wins face-off versus Kyle Brodziak in Jets zone.
7:06 of 3rd period - Brian Campbell is hit by Travis Hamonic.
7:22 of 3rd period - Snap shot by Taylor Hall.
7:22 of 3rd period - Goal by Taylor Hall - Panthers : 1 - Jets : 1.
7:23 of 3rd period - Nathan MacKinnon wins face-off versus Martin Hanzal in neutral zone.
7:35 of 3rd period - Martin Hanzal is hit by Marian Hossa and loses puck.
7:50 of 3rd period - Josh Manson is hit by Josh Jooris and loses puck.
8:01 of 3rd period - Snap shot by Kyle Brodziak.
8:01 of 3rd period - Shot Blocked by Josh Gorges.
8:39 of 3rd period - Taylor Hall is hit by Jacob Josefson and loses puck.
9:20 of 3rd period - Kyle Brodziak is hit by Marian Hossa and loses puck.
9:33 of 3rd period - Backhand shot by Ales Hemsky.
9:33 of 3rd period - Shot Misses the Net.
9:52 of 3rd period - Slapshot by Alec Martinez.
9:52 of 3rd period - Stopped by Craig Anderson with a rebound.
9:54 of 3rd period - Slapshot by Alec Martinez.
9:54 of 3rd period - Stopped by Craig Anderson without a rebound.
9:55 of 3rd period - Alex Galchenyuk wins face-off versus Mats Zuccarello in Jets zone.
10:03 of 3rd period - Troy Brouwer is hit by Martin Hanzal and loses puck.
10:50 of 3rd period - Off-side.
10:51 of 3rd period - Ryan White wins face-off versus Alex Galchenyuk in neutral zone.
11:18 of 3rd period - Brett Ritchie is hit by Alec Martinez and loses puck.
11:40 of 3rd period - Snap shot by Taylor Hall.
11:40 of 3rd period - Stopped by Craig Anderson without a rebound.
11:41 of 3rd period - Martin Hanzal wins face-off versus Alex Galchenyuk in Jets zone.
11:48 of 3rd period - Snap shot by Mats Zuccarello.
11:48 of 3rd period - Shot Misses the Net.
12:13 of 3rd period - Tomas Plekanec is hit by Wayne Simmonds and loses puck.
13:16 of 3rd period - Josh Manson is hit by Alec Martinez and loses puck.
13:33 of 3rd period - Slapshot by Wayne Simmonds.
13:33 of 3rd period - Stopped by Pekka Rinne without a rebound.
13:34 of 3rd period - Martin Hanzal wins face-off versus Nathan MacKinnon in Panthers zone.
13:49 of 3rd period - Slapshot by Taylor Hall.
13:49 of 3rd period - Stopped by Craig Anderson without a rebound.
13:50 of 3rd period - Kyle Brodziak wins face-off versus Alex Galchenyuk in Jets zone.
13:51 of 3rd period - Snap shot by Ales Hemsky.
13:51 of 3rd period - Stopped by Craig Anderson without a rebound.
13:52 of 3rd period - Alex Galchenyuk wins face-off versus Ales Hemsky in Jets zone.
14:09 of 3rd period - Off-side.
14:10 of 3rd period - Martin Hanzal wins face-off versus Nathan MacKinnon in neutral zone.
15:02 of 3rd period - Josh Jooris is hit by Jay McClement and loses puck.
15:09 of 3rd period - Slapshot by Duncan Keith.
15:09 of 3rd period - Stopped by Pekka Rinne with a rebound.
15:25 of 3rd period - Snap shot by Josh Manson.
15:25 of 3rd period - Shot Blocked by Alec Martinez.
15:39 of 3rd period - Snap shot by Alex Galchenyuk.
15:39 of 3rd period - Stopped by Pekka Rinne without a rebound.
15:40 of 3rd period - Kyle Brodziak wins face-off versus Alex Galchenyuk in Panthers zone.
16:36 of 3rd period - Snap shot by Taylor Hall.
16:36 of 3rd period - Stopped by Craig Anderson without a rebound.
16:37 of 3rd period - Martin Hanzal wins face-off versus Nathan MacKinnon in Jets zone.
17:34 of 3rd period - Snap shot by Alex Galchenyuk.
17:34 of 3rd period - Shot Misses the Net.
17:52 of 3rd period - Snap shot by Ales Hemsky.
17:52 of 3rd period - Shot Misses the Net.
17:54 of 3rd period - Snap shot by Josh Jooris.
17:54 of 3rd period - Shot Blocked by Travis Hamonic.
18:00 of 3rd period - Snap shot by Kyle Brodziak.
18:00 of 3rd period - Stopped by Craig Anderson with a rebound.
18:35 of 3rd period - J.T. Miller is hit by Brett Ritchie and loses puck.
18:50 of 3rd period - Taylor Hall is hit by Wayne Simmonds and loses puck.
Goals for this period are 1 for Panthers vs 0 for Jets.
Shots for this period are 8 for Panthers vs 4 for Jets.

Overtime #1


0:01 of 1st overtime period - Nathan MacKinnon wins face-off versus Mats Zuccarello in neutral zone.
0:14 of 1st overtime period - Slapshot by Mats Zuccarello.
0:14 of 1st overtime period - Goal by Mats Zuccarello - Panthers : 2 - Jets : 1.
Goals for this period are 1 for Panthers vs 0 for Jets.
Shots for this period are 1 for Panthers vs 0 for Jets.